 Dungeon Crawl Stone Soup version 0.28-a0-413-gde365fb1df (webtiles) character file.

Game seed: 2967560168077042620

59651 robertstho the Eclecticist (level 15, 0/105 HPs)
             Began as a Djinni Fire Elementalist on Sept 7, 2021.
             Was an Initiate of Gozag.
             Slain by a death yak (20 damage)
             ... on level 6 of the Lair of Beasts.
             The game lasted 00:49:59 (27216 turns).

robertstho the Eclecticist (DjFE)                  Turns: 27216, Time: 00:49:59

Health: 0/105      AC:  7    Str: 13    XL:     15   Next: 35%
Gold:   3122       EV: 18    Int: 22    God:    Gozag SH:  8 Dex: 15

rFire   + + +      SeeInvis .   M - +6 trident of Ru's Wrath {antimagic, rPois rN+++}
rCold   x . .      Faith    .   (no shield)
rNeg    + + +      Spirit   +   I - +2 robe {rF+}
rPois   ∞          Reflect  .   t - +0 helmet
rElec   .          Harm     .   l - scarf {+Inv}
rCorr   .          Rampage  .   z - +1 pair of gloves
Will    +....                   (boots unavailable)
Stlth   +++.......              S - brooch of Shielding {Spirit SH+8}
HPRegen 0.27/turn               g - +6 ring of strength
MPRegen 0.00/turn               r - +4 ring of evasion

@: forested, gold aura, flying
A: sickness immunity, fire resistance 2, cold vulnerability 1, float, innate
caster, hp casting, extra vitality 1
a: Renounce Religion, Evoke Invisibility, Potion Petition, Call Merchant, Bribe
Branch


You were on level 6 of the Lair of Beasts.
You worshipped Gozag.
Gozag was most pleased with you.
You visited 3 branches of the dungeon, and saw 19 of its levels.

You collected 5520 gold pieces.
You spent 1787 gold pieces at shops.
You paid 611 gold pieces to Gozag.

Inventory:

Hand Weapons
 n - a +1 falchion of protection
 M - the +6 trident of Ru's Wrath (weapon) {antimagic, rPois rN+++}
   (You found it on level 11 of the Dungeon)

   It reduces the magical energy of the wielder, and disrupts the spells and
   magical abilities of those it strikes.
   Natural abilities and divine invocations are not affected.
   rPois:     It protects you from poison.
   rN:        It renders you almost immune to negative energy.
Armour
 a - the +0 buckler "Qailemp" {Int+6 Dex-4}
   (You bought it in a shop on level 5 of the Dungeon)

   Int:       It affects your intelligence (+6).
   Dex:       It affects your dexterity (-4).
 l - a scarf of invisibility (worn)
 t - a +0 helmet (worn)
 z - a +1 pair of gloves (worn)
 A - a +2 cloak
 I - a +2 robe of fire resistance (worn)
Jewellery
 g - a +6 ring of strength (left hand)
 k - a ring of fire
 r - a +4 ring of evasion (right hand)
 G - a +6 ring of strength
 J - a ring of willpower
 Q - a ring of willpower
 S - the brooch of Shielding (around neck) {Spirit SH+8}
   (You bought it in a shop on level 1 of the Lair of Beasts)

   [amulet of guardian spirit]

   It causes incoming damage to be divided between your reserves of health and
   magic.
   SH:        It affects your SH (+8).
 T - a ring of see invisible
 U - an amulet of regeneration
Wands
 e - a wand of charming (7)
 v - a wand of paralysis (14)
 x - a wand of mindburst (9)
 B - a wand of digging (11)
 F - a wand of iceblast (5)
 O - a wand of flame (19)
Scrolls
 b - 2 scrolls of teleportation
 c - 3 scrolls of vulnerability
 d - 6 scrolls of magic mapping
 h - a scroll of silence
 j - a scroll of blinking
 y - 2 scrolls of enchant armour
 D - 4 scrolls of fear
 H - 3 scrolls of summoning
 L - 2 scrolls of holy word
 R - 3 scrolls of fog
Potions
 f - 2 potions of curing
 i - 4 potions of brilliance
 m - 3 potions of cancellation
 o - a potion of invisibility
 q - a potion of ambrosia
 s - a potion of lignification
 u - 4 potions of might
 w - 3 potions of mutation {unknown}
 C - 2 potions of berserk rage {unknown}
 E - a potion of resistance {unknown}
 K - a potion of haste {unknown}
 P - 2 potions of attraction {unknown}


   Skills:
 * Level 9.3 Fighting
 + Level 1.0 Long Blades
 + Level 2.1 Polearms
 + Level 5.5 Dodging
 + Level 4.5 Stealth
 + Level 2.1 Shields
 * Level 16.9 Spellcasting
 + Level 0.1 Evocations


You had 9 spell levels left.
You knew the following spells:

 Your Spells              Type           Power      Damage    Failure   Level
a - Foxfire               Conj/Fire      100%       2x1d9     0%          1
b - Scorch                Fire           100%       2d10      0%          2
c - Conjure Flame         Conj/Fire      75%        6-21      0%          3
d - Inner Flame           Hex/Fire       75%        N/A       0%          3
e - Flame Wave            Conj/Fire      75%        3d13      1%          4
f - Freeze                Ice            100%       1d11      0%          1
g - Static Discharge      Conj/Air       75%        N/A       0%          2
h - Mephitic Cloud        Conj/Pois/Air  75%        N/A       0%          3
i - Tukima's Dance        Hex            75%        N/A       0%          3
j - Irradiate             Conj/Tmut      37%        3d25      1%          5
k - Summon Forest         Summ/Tloc      37%        N/A       1%          5
l - Death Channel         Necr           37%        N/A       1%          6
Your spell library was empty.

Dungeon Overview and Level Annotations

Branches:
Dungeon (12/15)            Temple (1/1) D:5            Lair (6/6) D:9
  Swamp (0/4) Lair:2        Snake (0/4) Lair:3        Slime (0/5) Lair:5
    Orc (0/2) D:9

Altars:
Ashenzari
Cheibriados
Dithmenos
Elyvilon
Fedhas
Gozag
Hepliaklqana
Kikubaaqudgha
Makhleb
Nemelex Xobeh
Okawaru
Qazlal
Ru
Sif Muna
Trog
Uskayaw
Vehumet
Wu Jian
Xom
Yredelemnul
Zin
The Shining One
Beogh

Shops:
D:3 *   D:5 =[[   D:12 [   Lair:1 =

Annotations:
D:5 Armour potion shop, 2 runed translucent doors, Demosthentine's ghost, novice MfGl
D:9 2 transporters, exclusion: ice statue, SkeletonJelly's ghost, journeyman DjCA
D:10 3 runed translucent doors, heikuro's ghost, journeyman FoAK
Lair:3 1 runed translucent door, exclusion: oklob plant, robertstho's ghost, journeyman DjFE
Lair:4 2 transporters


Innate Abilities, Weirdness & Mutations

You are immune to sickness and miasma.
You are immune to poison.
Your flesh is very heat resistant. (rF++)
You are vulnerable to cold. (rC-)
You float through the air rather than walking.
You learn spells naturally, not from books.
Your magical power is your life essence.
You have superior vitality. (+4 HP)


Message History

The forest starts to sway and rumble!
* * * LOW HITPOINT WARNING * * *
Unknown command.
A tree reaches out and hits the fungus!
The fungus begins to die.
The death yak barely misses your dryad.
Your dryad hits the death yak but does no damage.
Unknown command.
The trees move their gnarly branches around.
The death yak gores your dryad!!
Your dryad hits the death yak.
Unknown command.
A root smacks the death yak from below!
The death yak gores your dryad!!
Your dryad calls out to the forest.
The death yak completely misses your dryad.
Unknown command.
The death yak is hit by a branch!
A nearby fungus withers and dies.
The death yak gores your dryad!!
Your dryad dies!
Your dryad's corpse disappears in a puff of smoke!
The forest abruptly stops moving.
Unknown command.
Aiming: Iceblast
Press: ? - help, Shift-Dir - straight line, f - death yak
Aim: a death yak (almost dead)
The mass of ice explodes!
The iceblast engulfs the death yak!
The death yak is almost dead.
The iceblast engulfs the death yak.
The death yak is almost dead.
You hear a bellow! x2
Aiming: Iceblast
Press: ? - help, Shift-Dir - straight line, f/p - death yak
Aim: a death yak (almost dead)
The mass of ice explodes!
The iceblast engulfs the death yak.
You kill the death yak!
The iceblast engulfs the death yak but does no damage.
The death yak is almost dead.
You hear a bellow!
Unknown command.
You feel better. The death yak gores you!!
You die...
Your body crumbles into a pile of gold.

.....♣....♣#♣#..
..#.......♣$... #§..
.♣..♣..##....♣##...
.......♣♣....♣#♣$.#
.......♣###......#
.♣....♣.8.$.$$.$♣.
#....#...$Y♣..Y..≈
##.....8.<.8♣#.R≈Y≈
#P@Y$.......♣...≈≈≈
...P....♣...#....#...≈≈≈
...#...#P.####...♣...♣#.......
...#....♣♣ ..##♣.....###.... #
#....... #♣...#...#. .#... .
#......... ...#...... .
.##........ .......8.#.+
........... . ....#.....#.#
#....####.# .##.#....#.....#


You could see a death yak.

Vanquished Creatures
  Snorg (Lair:5)
  A boulder beetle (Lair:4)
  Erolcha (D:10)
  2 hydras
  An ogre mage (D:11)
  5 two-headed ogres
  4 death yaks (Lair:6)
  Nergalle (D:11)
  A swamp dragon (Lair:2)
  A black mamba (Lair:2)
  An elephant (Lair:6)
  A gargoyle (D:10)
  8 cane toads
  A rime drake (Lair:4)
  13 komodo dragons
  An unseen horror (D:11)
  5 trolls
  A hornet (Lair:3)
  2 polar bears (Lair:3)
  8 dream sheep
  7 blink frogs
  A wyvern (Lair:6)
  3 shadows (D:11)
  54 yaks
  3 basilisks
  A vampire mosquito (D:12)
  A naga (Lair:3)
  13 water moccasins
  A sky beast (D:7)
  7 orc warriors
  2 black bears
  3 necrophages
  7 ogres
  11 wolves
  7 centaurs
  A phantom (D:5)
  2 kobold brigands
  12 bullfrogs
  A scorpion (D:4)
  10 killer bees (D:12)
  A howler monkey (D:6)
  3 electric eels (Lair:2)
  5 wights (D:6)
  4 hounds
  2 jellies
  Crazy Yiuf (D:7)
  3 centaur zombies
  2 bullfrog skeletons
  8 orc priests
  4 centaur skeletons
  A gnoll shaman (D:8)
  8 iguanas
  9 orc wizards
  2 killer bee zombies (D:7)
  A howler monkey zombie (D:9)
  5 adders
  7 gnolls
  A shadow imp (D:8)
  2 ufetubi
  A dart slug (D:2)
  41 orcs
  7 ball pythons
  6 bats
  6 endoplasms
  4 giant cockroaches
  7 hobgoblins
  7 jackals
  12 kobolds
  5 quokkas
  4 frilled lizards
  4 goblins
  5 rats
384 creatures vanquished.

Vanquished Creatures (collateral kills)
  A boulder beetle (Lair:2)
  2 catoblepae (Lair:6)
  3 hydras
  A two-headed ogre (D:10)
  A centaur warrior (D:10)
  A death yak (Lair:6)
  Sonja (Lair:1)
  An oklob plant (Lair:3)
  3 elephants (Lair:6)
  A black mamba (Lair:6)
  A torpor snail (Lair:4)
  6 cane toads
  Maggie (Lair:1)
  5 komodo dragons
  A rime drake (Lair:6)
  9 blink frogs
  7 dream sheep (Lair:6)
  3 wyverns
  21 yaks
  3 water moccasins
  An orc warrior (D:11)
  An ogre (D:11)
  12 wolves
  2 centaurs
  A bullfrog (Lair:2)
  A hell rat (Lair:6)
  2 bushes (Lair:6)
92 creatures vanquished.

Vanquished Creatures (others)
  A blink frog (Lair:2)
  486 foxfires
  67 fungi
  129 plants
  8 snaplasher vines
691 creatures vanquished.

Grand Total: 1167 creatures vanquished

Notes
Turn   | Place    | Note
-------+----------+-------------------------------------------
     0 | D:1      | robertstho the Djinni Fire Elementalist began the quest for
                  | the Orb.
     0 | D:1      | Reached XP level 1. HP: 15/15 MP: 0/0
   420 | D:1      | Reached XP level 2. HP: 17/22 MP: 0/0
  1474 | D:2      | Reached skill level 3 in Spellcasting
  1474 | D:2      | Reached XP level 3. HP: 22/26 MP: 0/0
  1474 | D:2      | Learned a level 1 spell: Freeze
  1608 | D:2      | Found a faded altar of an unknown god.
  2488 | D:2      | Reached XP level 4. HP: 18/31 MP: 0/0
  2530 | D:2      | Reached skill level 1 in Fighting
  3802 | D:3      | Found Dagroopp's General Store.
  3876 | D:3      | Reached XP level 5. HP: 35/37 MP: 0/0
  3876 | D:3      | Learned a level 2 spell: Static Discharge
  3915 | D:3      | Reached skill level 4 in Spellcasting
  4535 | D:4      | Reached XP level 6. HP: 29/42 MP: 0/0
  4650 | D:4      | Noticed an ogre
  4656 | D:4      | Killed an ogre
  4727 | D:4      | Reached skill level 5 in Spellcasting
  4777 | D:4      | Found a blossoming altar of Fedhas.
  4868 | D:4      | Reached XP level 7. HP: 27/48 MP: 0/0
  4868 | D:4      | Learned a level 3 spell: Mephitic Cloud
  5119 | D:4      | Found a hide-covered altar of Uskayaw.
  5358 | D:5      | Entered Level 5 of the Dungeon
  5375 | D:5      | Noticed a water moccasin
  5380 | D:5      | Killed a water moccasin
  5383 | D:5      | Reached skill level 6 in Spellcasting
  5426 | D:5      | Found Aquhum's Antique Armour Boutique.
  5488 | D:5      | Reached XP level 8. HP: 12/55 MP: 0/0
  5947 | D:5      | Found Matweogi's Antique Armour Boutique.
  6058 | D:5      | Found a staircase to the Ecumenical Temple.
  6124 | Temple   | Entered the Ecumenical Temple
  6365 | D:5      | Reached skill level 7 in Spellcasting
  6522 | D:5      | Found Seynagui's Distillery.
  6719 | D:5      | Found Soju's Jewellery Shop.
  6865 | D:5      | Found a large runed translucent door.
  6865 | D:5      | Found a large runed translucent door.
  6866 | D:5      | Noticed Demosthentine's ghost (novice MfGl)
  7302 | D:5      | Found an opulent altar of Gozag.
  7305 | D:5      | Found a burning altar of Makhleb.
  7308 | D:5      | Found a shimmering altar of Xom.
  7480 | D:5      | Became a worshipper of Gozag Ym Sagoz the Greedy
  7605 | D:5      | Bought a pair of runed gloves for 187 gold pieces
  7666 | D:6      | Reached XP level 9. HP: 54/60 MP: 0/0
  7666 | D:6      | Learned a level 3 spell: Tukima's Dance
  7891 | D:6      | Reached skill level 8 in Spellcasting
  8199 | D:6      | Found a bloodstained altar of Trog.
  8581 | D:6      | Reached skill level 9 in Spellcasting
  9506 | D:7      | Found a sacrificial altar of Ru.
  9521 | D:7      | Reached XP level 10. HP: 48/67 MP: 0/0
  9900 | D:7      | Found a runed translucent door.
  9901 | D:7      | Noticed Crazy Yiuf
  9909 | D:7      | Killed Crazy Yiuf
 10296 | D:8      | Reached skill level 10 in Spellcasting
 10445 | D:8      | Found a glowing silver altar of Zin.
 10667 | D:8      | Found a shadowy altar of Dithmenos.
 11293 | D:5      | Bought a glimmering buckler for 237 gold pieces
 11293 | D:5      | Identified the +0 buckler "Qailemp" {Int+6 Dex-4} (You
                  | bought it in a shop on level 5 of the Dungeon)
 11337 | D:5      | Bought a potion of heal wounds for 60 gold pieces
 11337 | D:5      | Bought a potion of might for 48 gold pieces
 11337 | D:5      | Bought a potion of heal wounds for 60 gold pieces
 11337 | D:5      | Bought a potion of lignification for 36 gold pieces
 11337 | D:5      | Bought a potion of flight for 36 gold pieces
 11337 | D:5      | Bought a potion of brilliance for 48 gold pieces
 11337 | D:5      | Bought a potion of degeneration for 12 gold pieces
 11463 | D:9      | Found a transporter.
 11463 | D:9      | Found a transporter.
 11475 | D:9      | Found a white marble altar of Elyvilon.
 11487 | D:9      | Noticed SkeletonJelly's ghost (journeyman DjCA)
 11494 | D:9      | Found a staircase to the Lair.
 11500 | D:9      | Noticed a two-headed ogre
 11504 | D:9      | Noticed a two-headed ogre
 11508 | D:9      | Killed a two-headed ogre
 11514 | D:9      | Killed a two-headed ogre
 11524 | D:9      | Reached skill level 11 in Spellcasting
 12061 | D:9      | Noticed an ice statue
 12080 | D:9      | Noticed a wizard
 12288 | D:9      | Noticed a two-headed ogre
 12295 | D:9      | Killed a two-headed ogre
 12296 | D:9      | Reached skill level 1 in Long Blades
 12296 | D:9      | Reached XP level 11. HP: 62/74 MP: 0/0
 12296 | D:9      | Learned a level 5 spell: Irradiate
 12318 | D:9      | Found a staircase to the Orcish Mines.
 12319 | D:9      | Reached skill level 5 in Fighting
 13321 | D:9      | Reached skill level 12 in Spellcasting
 13845 | D:10     | Entered Level 10 of the Dungeon
 13856 | D:10     | Found a runed translucent gate.
 13856 | D:10     | Found a runed translucent gate.
 13856 | D:10     | Found a runed translucent gate.
 13857 | D:10     | Noticed heikuro's ghost (journeyman FoAK)
 13994 | D:10     | Noticed a centaur warrior
 14001 | D:10     | Killed a centaur warrior
 14014 | D:10     | Noticed Erolcha
 14018 | D:10     | Noticed a two-headed ogre
 14347 | D:10     | Noticed a two-headed ogre
 14355 | D:10     | Killed a two-headed ogre
 14492 | D:10     | Killed a two-headed ogre
 14502 | D:10     | Reached XP level 12. HP: 48/83 MP: 0/0
 14761 | D:10     | Killed Erolcha
 14762 | D:10     | Reached skill level 13 in Spellcasting
 15469 | D:10     | Identified a scroll of acquirement
 15470 | D:10     | Acquired 1192 gold pieces
 15619 | D:5      | Bought a potion of ambrosia for 96 gold pieces
 15907 | D:11     | Noticed Nergalle
 15922 | D:11     | Killed Nergalle
 16157 | D:11     | Identified the +6 trident of Ru's Wrath {antimagic, rPois
                  | rN+++}
 16774 | D:11     | Found the +5 robe of Night {Dark Will+ SInv}
 16829 | D:11     | Noticed an ogre mage
 16829 | D:11     | Noticed a two-headed ogre
 16832 | D:11     | Killed an ogre mage
 16844 | D:11     | Killed a two-headed ogre
 16852 | D:11     | Reached skill level 1 in Polearms
 17571 | D:11     | You are sucked into a shaft and drop 1 floor!
 17644 | D:12     | Reached skill level 14 in Spellcasting
 17647 | D:12     | Noticed a boulder beetle
 17696 | D:12     | Reached XP level 13. HP: 53/90 MP: 0/0
 17696 | D:12     | Learned a level 5 spell: Summon Forest
 17719 | D:12     | Found Opemeon's Armour Shoppe.
 17812 | Lair:1   | Entered Level 1 of the Lair of Beasts
 18614 | Lair:1   | Noticed Sonja
 18623 | Lair:1   | Killed Sonja
 19021 | Lair:1   | Noticed Maggie
 19029 | Lair:1   | Killed Maggie
 19633 | Lair:1   | Bought the brooch of Shielding {Spirit SH+8} for 772 gold
                  | pieces
 19633 | Lair:1   | Found the brooch of Shielding {Spirit SH+8}
 19633 | Lair:1   | Bought a ring of see invisible for 195 gold pieces
 19745 | Lair:2   | Reached skill level 15 in Spellcasting
 20069 | Lair:2   | Noticed a boulder beetle
 20099 | Lair:2   | Killed a boulder beetle
 20448 | Lair:2   | Reached skill level 1 in Shields
 20694 | Lair:2   | Found a staircase to the Swamp.
 20736 | Lair:2   | Noticed an eight-headed hydra
 20745 | Lair:2   | Killed an eight-headed hydra
 21303 | Lair:2   | Reached XP level 14. HP: 94/98 MP: 0/0
 22252 | Lair:3   | HP: 4/98 [oklob plant/splash of acid (25)]
 22254 | Lair:3   | HP: 1/98 [oklob plant/splash of acid (23)]
 23032 | Lair:3   | Found a runed translucent door.
 23057 | Lair:3   | Noticed robertstho's ghost (journeyman DjFE)
 23176 | Lair:3   | Found a staircase to the Snake Pit.
 24182 | Lair:4   | Found a transporter.
 24457 | Lair:4   | Reached skill level 5 in Dodging
 24462 | Lair:4   | Reached skill level 16 in Spellcasting
 24828 | Lair:4   | Found a transporter.
 24829 | Lair:4   | Found the +3 salamander hide armour {Flames rF++ rC--}
 25649 | Lair:5   | Noticed Snorg
 25673 | Lair:5   | Killed Snorg
 26064 | Lair:5   | Found a staircase to the Slime Pits.
 26292 | Lair:6   | Entered Level 6 of the Lair of Beasts
 26688 | Lair:6   | Reached XP level 15. HP: 40/104 MP: 0/0
 26688 | Lair:6   | Learned a level 6 spell: Death Channel
 27216 | Lair:6   | Slain by a death yak

Illustrated notes

Levels and vault maps discovered:
D:1:      evilmike_arrival_fibonacci_small, layout_basic,
          corexii_hall_statues_l, minmay_heptomino_h4
D:2:      kb_forest_paths, layout_basic,
          hellmonk_ecumenical_altar_defaced_shrine, serial_park_tiny_pond
D:3:      layout_loops_cross, serial_shops, nicolae_lakefront_shop
D:4:      layout_basic, nicolae_uskayaw_dance_hall, fedhas_ov_isle_minmay
D:5:      layout_basic, grunt_temple_overflow_diamond,
          minmay_temple_entry_crystal_x, serial_shops,
          nicolae_shop_window_shopping, nicolae_inconvenience_store, shop, shop,
          ebering_ghost_disaster_area, hangedman_abyss_or_decor_passed,
          corexii_hall_statues_u, hex_intersection, minmay_misc_feat_cross,
          st_stairs_14, hangedman_abyss_or_decor_jellyfish_corner,
          minmay_fractal_squares_gapless_5
D:6:      layout_loops_corners, bloody_trog, kennysheep_pointless_box
D:7:      layout_basic, nicolae_ru_sacrificial_ziggurat,
          minmay_misc_feat_plants, uniq_crazy_yiuf_cottage
D:8:      layout_loops_ring, zin_academy, mainiacjoe_overflow_large_starburst,
          hangedman_decor_slide_cut, serial_bayou_crossing
D:9:      layout_long_grid, mainiacjoe_overflow_brackets,
          mainiacjoe_overflow_alcove_4, lair_entry_dummy, david_orc_5,
          nzn_ghost_randoct
D:10:     layout_long_grid, gammafunk_ghost_split, serial_bayou_pond_a,
          grunt_ministairs_10, uniq_erolcha
D:11:     layout_irregular_city, hellmonk_guarded_unrand_night, uniq_nergalle
D:12:     regret_index_tunnel_blossom, layout_irregular_city, serial_shops,
          nicolae_diamond_shop
Temple:   dpeg_chambers_temple
Lair:1:   layout_cave_pods, beast_lair_carwin_10, grunt_megastairs_3,
          uniq_maggie, uniq_sonja
Lair:2:   layout_regular_city, minmay_swamp_entry_reptiles,
          portal_ice_cave_entry_pillars_1, serial_bayou_lake_a,
          serial_bayou_shore_a
Lair:3:   layout_loops_ring, guppyfry_snake_entry_garden,
          ebering_ghost_inner_flame
Lair:4:   gammafunk_cloud_chamber, layout_regular_city, guppyfry_lair_drakes
Lair:5:   layout_loops_ring, slime_dummy, uniq_snorg
Lair:6:   evilmike_catoblepas_cave, layout_gridlike, grunt_megastairs_1,
          uniq_kirke

Skill      XL: |  1  2  3  4  5  6  7  8  9 10 11 12 13 14 15 |
---------------+----------------------------------------------+-----
Spellcasting   | 3 4 5 6 7 9 11 12 14 15 16 | 16.9
Fighting       | 1 2 3 4 6 7 8 9 |  9.3
Stealth        | 2 3 4 |  4.5
Dodging        | 3 4 5 |  5.5
Long Blades    | 1 |  1.0
Polearms       | 1 2 |  2.1
Shields        | 1 2 |  2.1
Evocations     | |  0.1

Action                   |  1- 3 |  4- 6 |  7- 9 | 10-12 | 13-15 || total
-------------------------+-------+-------+-------+-------+-------++-------
Melee: Falchion          |       |     1 |       |     7 |       ||     8
       Trident           |       |       |       |    13 |    30 ||    43
 Cast: Foxfire           |    64 |    40 |   121 |    62 |     4 ||   291
       Scorch            |    19 |    55 |    86 |   167 |   126 ||   453
       Flame Wave        |       |       |     2 |    22 |    73 ||    97
       Mephitic Cloud    |       |       |       |    43 |    20 ||    63
       Tukima's Dance    |       |       |       |    19 |     2 ||    21
       Irradiate         |       |       |       |     2 |     2 ||     4
       Summon Forest     |       |       |       |       |    31 ||    31
Invok: Call Merchant     |       |       |       |       |     1 ||     1
 Abil: Evoke Invisibilit |       |       |       |     1 |       ||     1
Evoke: Wand              |       |       |       |       |     2 ||     2
  Use: Scroll            |     5 |     1 |       |    12 |    11 ||    29
       Potion            |       |       |       |     3 |     9 ||    12
 Stab: Sleeping          |       |       |       |       |     2 ||     2
Armor: Robe              |     7 |     4 |     8 |    34 |    32 ||    85
Dodge: Dodged            |    17 |    11 |    30 |   106 |   137 ||   301
Block: Other             |       |       |       |       |    60 ||    60

Table legend: (Time is in decaauts)
 A = Elapsed time spent in this place.
 B = Non-inter-level travel time spent in this place.
 C = Inter-level travel time spent in this place.
 D = Time resting spent in this place.
 E = Time spent auto-exploring this place.
 F = Levels seen in this place.
 G = Mean time per level.
                   A        B        C        D        E       F      G
               +--------+--------+--------+--------+--------+-----+--------+
         Total |  27243 |  25921 |   1322 |   2762 |  20194 |  19 | 1433.8 |
       Dungeon |  17594 |  16428 |   1166 |   1808 |  12814 |  12 | 1466.2 |
        Temple |    229 |    202 |     27 |      0 |    194 |   1 |  229.0 |
          Lair |   9418 |   9290 |    128 |    954 |   7186 |   6 | 1569.7 |
               +--------+--------+--------+--------+--------+-----+--------+

Top non-repeatable levels by time:
  Lair:3: 2415 daAuts
     D:5: 2203 daAuts
     D:9: 2198 daAuts
  Lair:2: 1901 daAuts
  Lair:1: 1862 daAuts
    D:11: 1798 daAuts
     D:1: 1761 daAuts
    D:10: 1712 daAuts
     D:8: 1611 daAuts
  Lair:4: 1474 daAuts
     D:6: 1454 daAuts
     D:2: 1383 daAuts
     D:3: 1367 daAuts
  Lair:5: 1111 daAuts
     D:7: 1078 daAuts
